 Dungeon Crawl Stone Soup version 0.29-a0-317-gd16b76e6b1 (webtiles) character file.

Game seed: 10724204314187115537

48 sanka the Ducker (level 3, -6/35 HPs)
             Began as a Gnoll Monk on Mar 31, 2022.
             Mangled by a gnoll
             ... wielding a +1 vorpal flail
              (12 damage)
             ... on level 2 of the Dungeon.
             The game lasted 00:02:11 (1827 turns).

sanka the Ducker (Gnoll Monk)                       Turns: 1827, Time: 00:02:12

Health: -6/35      AC:  2    Str: 12    XL:     3   Next: 72%
Magic:  4/4        EV: 15    Int:  9    God:
Gold:   68         SH:  0    Dex: 14    Spells: 3/3 levels left

rFire   . . .      SeeInvis .   a - +0 hand axe
rCold   + . .      Faith    .   (no shield)
rNeg    . . .      Spirit   .   b - +0 robe
rPois   .          Reflect  .   (no helmet)
rElec   .          Harm     .   (no cloak)
rCorr   .          Rampage  .   (no gloves)
Will    .....                   (no boots)
Stlth   +++.......              h - amulet of the acrobat
HPRegen 0.11/turn               (no ring)
MPRegen 0.09/turn               d - ring of protection from cold

@: no status effects
A: fangs 1, strong nose, distributed training
a: no special abilities


You were on level 2 of the Dungeon.
You visited 1 branch of the dungeon, and saw 2 of its levels.

You collected 68 gold pieces.


Innate Abilities, Weirdness & Mutations

You have very sharp teeth.
Your uncanny sense of smell can sniff out nearby items.
Your experience applies equally to all skills.


   Skills:
 + Level 6.5 Fighting
 + Level 0.9 Short Blades
 + Level 0.9 Long Blades
 + Level 6.5 Axes
 + Level 0.9 Maces & Flails
 + Level 0.9 Polearms
 + Level 0.9 Staves
 + Level 0.9 Slings
 + Level 0.9 Bows
 + Level 0.9 Crossbows
 + Level 0.9 Throwing
 + Level 0.9 Armour
 + Level 6.5 Dodging
 + Level 4.2 Stealth
 + Level 0.9 Shields
 + Level 0.9 Unarmed Combat
 + Level 0.9 Spellcasting
 + Level 0.6 Conjurations
 + Level 0.6 Hexes
 + Level 0.6 Summonings
 + Level 0.6 Necromancy
 + Level 0.6 Translocations
 + Level 0.6 Transmutations
 + Level 0.6 Fire Magic
 + Level 0.6 Ice Magic
 + Level 0.6 Air Magic
 + Level 0.6 Earth Magic
 + Level 0.6 Poison Magic
 + Level 1.0 Invocations
 + Level 0.9 Evocations


You had 3 spell levels left.
You didn't know any spells.
Your spell library was empty.

Inventory:

Hand Weapons
 a - a +0 hand axe (weapon)
Missiles
 e - 2 boomerangs (quivered)
Armour
 b - a +0 robe (worn)
Jewellery
 d - a ring of protection from cold (right hand)
 g - an amulet of faith
 h - an amulet of the acrobat (around neck)
 m - an amulet of reflection
Scrolls
 j - 2 scrolls of teleportation {unknown}
 k - a scroll of holy word {unknown}
 l - 2 scrolls of identify {unknown}
 n - a scroll of vulnerability {unknown}
Potions
 c - a potion of ambrosia
 f - 2 potions of flight {unknown}
 i - a potion of haste {unknown}

Dungeon Overview and Level Annotations

Branches:
Dungeon (2/15)

Altars:

Annotations:
D:2 1 runed translucent door, Crazy Yiuf

..▒▒▒'▒▒▒▒▒▒▒▒▒▒▒▒▒▒▒▒▒
..▒ ▒.▒ ▒............▒
..▒ ▒.▒ ▒.▒▒▒▒▒▒▒▒▒▒.▒
▒▒▒ ▒.▒▒▒▒.▒......▒ ▒.▒
▒......▒▒.▒.▒▒▒ ▒.▒
▒▒▒▒▒▒▒▒▒.▒.▒▒▒▒▒.▒▒
▒.....▒▒..........▒
▒▒▒.▒▒▒▒.▒▒▒▒▒..▒
▒.......gg<.....▒
▒.▒.▒▒▒.r▒..▒▒..▒
▒.▒.▒(.......▒..▒
▒.▒.▒.▒▒▒▒▒▒▒▒..▒
▒.▒.............▒
▒.▒▒▒.▒▒▒▒▒▒▒▒▒.▒ ▒g▒
▒.....▒ ▒.▒ ▒.▒ ▒▒▒▒▒.▒
▒.▒ ... ▒.▒ ▒.▒


You could see a gnoll and a rat.


Message History

Options error: Unknown monster: "black sun:9" (~/.crawlrc:1528) Options error: Unknown monster: "greater mummy:lightmagenta M" (~/.crawlrc:1534) Welcome back, sanka the Gnoll Monk.
Unknown command.
You hit the gnoll.
The gnoll is moderately wounded.
The gnoll hits you with a +1 vorpal flail.
You hit the gnoll but do no damage.
The gnoll is moderately wounded.
The gnoll barely misses you.
You hit the gnoll. Your bite misses the gnoll.
The gnoll is heavily wounded.
The gnoll closely misses you.
You barely miss the gnoll.
The gnoll is heavily wounded.
You closely miss the rat.
The gnoll hits you with a +1 vorpal flail!
* * * LOW HITPOINT WARNING * * *
* * * LOW HITPOINT WARNING * * *
The rat bites you.
* * * LOW HITPOINT WARNING * * *
You closely miss the gnoll. Your bite misses the gnoll.
The gnoll is heavily wounded.
You barely miss the rat. The rat bites you.
* * * LOW HITPOINT WARNING * * *
The gnoll hits you with a +1 vorpal flail!
You die...

Action                   || total
-------------------------++-------
Melee: Hand axe          ||    91
       Bite              ||    11
       Punch             ||     2
Throw: Boomerang         ||     4
 Stab: Sleeping          ||     6
Armor: Robe              ||     4
Dodge: Dodged            ||    50

Levels and vault maps discovered:
D:1:      lemuel_arrival_river_ford, layout_loops_ring
D:2:      layout_basic, uniq_crazy_yiuf_cottage

Notes
Turn   | Place    | Note
-------+----------+-------------------------------------------
     0 | D:1      | sanka the Gnoll Monk began the quest for the Orb.
     0 | D:1      | Reached XP level 1. HP: 23/23 MP: 1/1
   316 | D:1      | Reached XP level 2. HP: 23/29 MP: 2/2
  1095 | D:2      | Reached XP level 3. HP: 18/35 MP: 3/3
  1414 | D:2      | Found a runed translucent door.
  1415 | D:2      | Noticed Crazy Yiuf
  1737 | D:2      | Reached skill level 1 in Invocations
  1827 | D:2      | Mangled by a gnoll

Vanquished Creatures
  A gnoll (D:2)
  2 worms (D:2)
  3 bats
  4 endoplasms
  2 giant cockroaches (D:2)
  6 hobgoblins
  4 quokkas
  3 ball pythons (D:1)
  A kobold (D:1)
  2 rats (D:2)
28 creatures vanquished.
